New Jersey Devils vs Buffalo Sabres
Created - vendredi, 28 novembre 2025 at 19:00
Goals
|
| New Jersey Devils |
1 |
0 |
1 |
2 |
| Buffalo Sabres |
1 |
1 |
1 |
3 |
|
Shots
|
| New Jersey Devils |
8 |
15 |
12 |
35 |
| Buffalo Sabres |
9 |
11 |
3 |
23 |
|
1st period
1. New Jersey Devils , Nico Hischier 10 (Lucas Raymond 17) at 0:12
2. Buffalo Sabres , Dylan Cozens 7 (Tyler Myers 5) at 4:53
Penalties :
Mattias Samuelsson (BUF) for Interference (Minor) at 2:42
2nd period
3. Buffalo Sabres , Alex Tuch 12 (Alex Pietrangelo 12) at 3:25
Penalties :
Tyler Myers (BUF) for Hooking (Minor) at 0:15, Pavel Zacha (NJD) for Tripping (Minor) at 18:23, Jeff Skinner (BUF) for Slashing (Minor) at 18:41
3rd period
4. Buffalo Sabres , Alex Pietrangelo 5 (Marcus Johansson 4, Jake McCabe 7) at 9:43
5. New Jersey Devils , William Karlsson 9 (Connor Zary 3) at 15:39
Penalties :
No Penalty
Goalie Stats
Samuel Ersson (NJD), 20 saves from 23 shots - (0.870), L, 4-3-1, 59:00 minutes
Karel Vejmelka (BUF), 33 saves from 35 shots - (0.943), W, 6-3-4, 60:00 minutes
Players Stats for New Jersey Devils
Player Name G A P +/- PIM S H SB GA TA FO MP PP MP PK MP
------------------------------------------------------------------------------------
Adam Larsson 0 0 0 -2 0 0 0 0 0 0 0/0 19:19 0:13 0:10
Connor Zary 0 1 1 1 0 0 1 0 0 0 0/0 12:38 0:00 0:00
Dougie Hamilton 0 0 0 -2 0 3 0 2 0 0 0/0 20:09 2:20 0:00
Elias Lindholm 0 0 0 -1 0 2 0 0 0 0 15/29 17:25 1:55 0:00
Erik Haula 0 0 0 -2 0 0 0 2 0 0 4/8 11:48 0:00 0:00
Evgenii Dadonov 0 0 0 -2 0 0 0 0 0 0 0/0 11:48 0:00 0:00
Jaccob Slavin 0 0 0 1 0 1 2 2 0 0 0/0 21:24 1:43 0:08
Kevin Bahl 0 0 0 0 0 0 1 1 0 0 0/0 16:53 0:00 0:10
Kyle Palmieri 0 0 0 -1 0 4 1 0 0 0 2/3 18:18 1:55 0:00
Lucas Raymond 0 1 1 1 0 2 0 0 0 0 2/4 17:18 2:21 0:00
Luke Hughes 0 0 0 1 0 1 0 1 0 0 0/0 20:19 1:43 0:00
Michael Bunting 0 0 0 1 0 4 1 0 0 0 0/1 14:33 1:55 0:00
Nick Blankenburg 0 0 0 0 0 0 0 0 0 0 0/0 16:41 0:13 0:08
Nico Hischier 1 0 1 1 0 5 0 0 0 0 10/20 19:53 2:21 0:18
Pavel Zacha 0 0 0 1 2 1 0 0 0 0 0/1 17:31 2:21 0:00
Sam Steel 0 0 0 -2 0 2 0 0 0 0 0/1 12:06 0:00 0:18
William Karlsson 1 0 1 1 0 5 0 0 0 0 7/17 15:35 2:20 0:00
Yegor Sharangovich 0 0 0 -1 0 5 2 0 0 0 1/2 14:22 0:00 0:00
Players Stats for Buffalo Sabres
Player Name G A P +/- PIM S H SB GA TA FO MP PP MP PK MP
------------------------------------------------------------------------------------
Adam Pelech 0 0 0 0 0 0 2 1 0 0 0/0 20:19 0:00 1:54
Alex Pietrangelo 1 1 2 0 0 2 1 1 0 0 0/0 22:51 0:18 2:47
Alex Tuch 1 0 1 0 0 6 0 0 0 0 0/1 16:29 0:18 0:00
Alexander Wennberg 0 0 0 0 0 0 0 0 0 0 12/26 19:00 0:00 2:04
Brett Leason 0 0 0 -1 0 3 1 0 0 0 1/1 12:45 0:00 0:00
Dylan Cozens 1 0 1 2 0 3 1 0 0 0 13/20 15:54 0:00 0:00
Henri Jokiharju 0 0 0 1 0 0 1 0 0 0 0/0 17:48 0:00 0:52
Jake McCabe 0 1 1 0 0 0 1 1 0 0 0/0 22:07 0:18 2:22
Jeff Skinner 0 0 0 -1 2 1 0 0 0 0 1/1 13:02 0:17 0:00
Jordan Greenway 0 0 0 0 0 0 1 1 0 0 0/2 12:59 0:00 2:04
Marcus Foligno 0 0 0 2 0 2 1 0 0 0 0/0 15:00 0:00 0:00
Marcus Johansson 0 1 1 2 0 2 0 0 0 0 0/0 15:00 0:00 0:00
Mark Jankowski 0 0 0 -1 0 1 0 0 0 0 10/19 15:35 0:00 2:12
Mattias Janmark 0 0 0 0 0 0 0 0 0 0 0/2 12:10 0:00 2:12
Mattias Samuelsson 0 0 0 0 2 0 0 1 0 0 0/0 17:49 0:00 0:00
Tomas Hertl 0 0 0 0 0 3 2 0 0 0 0/1 16:10 0:18 0:00
Tyler Myers 0 1 1 1 2 0 1 2 0 0 0/0 19:04 0:00 0:37
Zemgus Girgensons 0 0 0 0 0 0 0 0 0 0 8/13 9:58 0:00 0:00
3 Stars
1 - Alex Pietrangelo (BUF)
2 - Dylan Cozens (BUF)
3 - Karel Vejmelka (BUF)
Power Play
New Jersey Devils - 0 on 3 Attempt(s) - 0.00%
Buffalo Sabres - 0 on 1 Attempt(s) - 0.00%
Penalty Kill
New Jersey Devils - 1 on 1 Attempt(s) - 100.00%
- Score 0 goal in Penalty Kill
Buffalo Sabres - 3 on 3 Attempt(s) - 100.00%
- Score 0 goal in Penalty Kill
Team Stat
New Jersey Devils - Hits : 8 - Faceoff Wins : 41 - Blocked Shots : 8 - Penalty Minutes : 2
Buffalo Sabres - Hits : 12 - Faceoff Wins : 45 - Blocked Shots : 7 - Penalty Minutes : 6
Official
Referees : Cody Beach and Chris Schlenker
Linesman : Trent Knorr and Bevan Mills
Game Notes
No Game Note
Finance
Level 1 -- Attendance: 8031 (77.97%) -- Ticket Income $ 722 790
Level 2 -- Attendance: 1702 (81.05%) -- Ticket Income $ 127 650
Level 3 -- Attendance: 3026 (84.06%) -- Ticket Income $ 136 170
Level 4 -- Attendance: 1448 (99.86%) -- Ticket Income $ 43 440
Luxury Box -- Attendance: 40 (80.00%) -- Ticket Income $ 8 880
Game was played at the KeyBank Center.
Total Attendance: 14247 (81.41%)
Total Ticket Income: $ 1 038 930
Total Income: $ 1 038 930
New Jersey Devils
5 vs 5 Forward
Center Left Wing Right Wing Time % Phy DF OF
1 Nico Hischier Pavel Zacha Lucas Raymond 27 0 2 3
2 Elias Lindholm Kyle Palmieri Yegor Sharangovich 27 0 2 3
3 William Karlsson Connor Zary Michael Bunting 24 0 2 3
4 Erik Haula Sam Steel Evgenii Dadonov 22 0 3 2
5 vs 5 Defense
Defense Defense Time % Phy DF OF
1 Jaccob Slavin Luke Hughes 35 0 2 3
2 Adam Larsson Dougie Hamilton 30 0 2 3
3 Kevin Bahl Nick Blankenburg 30 0 3 2
4 Adam Larsson Dougie Hamilton 5 0 2 3
PowerPlay Forward
Center Left Wing Right Wing Time % Phy DF OF
1 Nico Hischier Pavel Zacha Lucas Raymond 50 0 0 5
2 Elias Lindholm Kyle Palmieri Michael Bunting 50 1 0 4
PowerPlay Defense
Defense Defense Time % Phy DF OF
1 William Karlsson Dougie Hamilton 50 0 1 4
2 Jaccob Slavin Luke Hughes 50 0 1 4
Penalty Kill 4 Players Forward
Center Wing Time % Phy DF OF
1 William Karlsson Erik Haula 50 1 4 0
2 Pavel Zacha Sam Steel 50 1 4 0
Penalty Kill 4 Players Defense
Defense Defense Time % Phy DF OF
1 Jaccob Slavin Nick Blankenburg 50 0 5 0
2 Adam Larsson Kevin Bahl 50 0 5 0
Penalty Kill - 3 Players Forward
Forward Time % Phy DF OF
1 William Karlsson 50 0 5 0
2 Pavel Zacha 50 0 5 0
Penalty Kill - 3 Players Defense
Defense Defense Time % Phy DF OF
1 Jaccob Slavin Nick Blankenburg 50 1 4 0
2 Adam Larsson Kevin Bahl 50 1 4 0
4 vs 4 Forward
Center Wing Time % Phy DF OF
1 Pavel Zacha Kyle Palmieri 50 0 2 3
2 Elias Lindholm William Karlsson 50 0 2 3
4 vs 4 Defense
Defense Defense Time % Phy DF OF
1 Jaccob Slavin Luke Hughes 50 0 3 2
2 Adam Larsson Dougie Hamilton 50 0 3 2
Last Minutes Offensive
Center Left Wing Right Wing Defense Defense
Nico Hischier Kyle Palmieri Lucas Raymond Jaccob Slavin Dougie Hamilton
Last Minutes Defensive
Center Left Wing Right Wing Defense Defense
Nico Hischier William Karlsson Elias Lindholm Jaccob Slavin Adam Larsson
Goaltenders
Starting : Samuel Ersson
Backup : Akira Schmid
Extra Forwards
Normal : Kyle Palmieri, Pavel Zacha, Elias Lindholm - PP : Kyle Palmieri, Elias Lindholm - PK : Pavel Zacha
Extra Defensemen
Normal : Jaccob Slavin, Adam Larsson, Kevin Bahl - PP : Luke Hughes - PK : Jaccob Slavin, Adam Larsson
Penalty Shots
Lucas Raymond, Nico Hischier, Kyle Palmieri, Yegor Sharangovich, Dougie Hamilton
Custom OT Lines Forwards
Nico Hischier, Lucas Raymond, Elias Lindholm, Kyle Palmieri, William Karlsson, Michael Bunting, Pavel Zacha, Connor Zary, Sam Steel, Erik Haula
Custom OT Lines Defensemen
Jaccob Slavin, Luke Hughes, Adam Larsson, Dougie Hamilton, Kevin Bahl
Scratches
Jesper Bratt (Lacerated Right Calf Injury), Blake Lizotte (Healthy), Darren Raddysh (Healthy), Cam Talbot (Healthy)
Buffalo Sabres
5 vs 5 Forward
Center Left Wing Right Wing Time % Phy DF OF
1 Alexander Wennberg Tomas Hertl Alex Tuch 30 0 3 2
2 Dylan Cozens Marcus Johansson Marcus Foligno 30 0 2 3
3 Mark Jankowski Jeff Skinner Brett Leason 25 1 2 2
4 Zemgus Girgensons Mattias Janmark Jordan Greenway 15 1 4 0
5 vs 5 Defense
Defense Defense Time % Phy DF OF
1 Alex Pietrangelo Jake McCabe 34 1 2 2
2 Mattias Samuelsson Adam Pelech 33 1 3 1
3 Tyler Myers Henri Jokiharju 33 1 2 2
4 Alex Pietrangelo Jake McCabe 0 1 2 2
PowerPlay Forward
Center Left Wing Right Wing Time % Phy DF OF
1 Jeff Skinner Tomas Hertl Alex Tuch 50 1 0 4
2 Dylan Cozens Marcus Johansson Marcus Foligno 50 1 0 4
PowerPlay Defense
Defense Defense Time % Phy DF OF
1 Alex Pietrangelo Jake McCabe 50 0 2 3
2 Tyler Myers Adam Pelech 50 0 2 3
Penalty Kill 4 Players Forward
Center Wing Time % Phy DF OF
1 Alexander Wennberg Jordan Greenway 50 1 4 0
2 Mark Jankowski Mattias Janmark 50 1 4 0
Penalty Kill 4 Players Defense
Defense Defense Time % Phy DF OF
1 Alex Pietrangelo Jake McCabe 50 1 4 0
2 Tyler Myers Adam Pelech 50 1 4 0
Penalty Kill - 3 Players Forward
Forward Time % Phy DF OF
1 Alexander Wennberg 50 1 4 0
2 Mark Jankowski 50 1 4 0
Penalty Kill - 3 Players Defense
Defense Defense Time % Phy DF OF
1 Alex Pietrangelo Jake McCabe 50 1 4 0
2 Tyler Myers Adam Pelech 50 1 4 0
4 vs 4 Forward
Center Wing Time % Phy DF OF
1 Tomas Hertl Alex Tuch 50 1 2 2
2 Alexander Wennberg Dylan Cozens 50 1 2 2
4 vs 4 Defense
Defense Defense Time % Phy DF OF
1 Alex Pietrangelo Jake McCabe 50 1 2 2
2 Tyler Myers Adam Pelech 50 1 2 2
Last Minutes Offensive
Center Left Wing Right Wing Defense Defense
Tomas Hertl Alexander Wennberg Alex Tuch Alex Pietrangelo Jake McCabe
Last Minutes Defensive
Center Left Wing Right Wing Defense Defense
Alexander Wennberg Mark Jankowski Jordan Greenway Alex Pietrangelo Jake McCabe
Goaltenders
Starting : Karel Vejmelka
Backup : Linus Ullmark
Extra Forwards
Normal : Alex Tuch, Tomas Hertl, Mark Jankowski - PP : Mark Jankowski, Alexander Wennberg - PK : Zemgus Girgensons
Extra Defensemen
Normal : Mattias Samuelsson, Henri Jokiharju, Tyler Myers - PP : Mattias Samuelsson - PK : Henri Jokiharju, Tyler Myers
Penalty Shots
Alex Tuch, Tomas Hertl, Alexander Wennberg, Dylan Cozens, Marcus Johansson
Custom OT Lines Forwards
Alex Tuch, Tomas Hertl, Alexander Wennberg, Dylan Cozens, Marcus Johansson, Marcus Foligno, Jeff Skinner, Mark Jankowski, Brett Leason, Jordan Greenway
Custom OT Lines Defensemen
Alex Pietrangelo, Jake McCabe, Tyler Myers, Adam Pelech, Mattias Samuelsson
Scratches
Erik Johnson (Healthy), David Gustafsson (Healthy), Matthew Kessel (Healthy)
% Time on Ice - New Jersey Devils
Lines # - Real PCT - Wanted PCT - Time Play
Normal Forward
1 - 27% - 27% - 14:00
2 - 27% - 27% - 14:22
3 - 24% - 24% - 12:38
4 - 22% - 22% - 11:48
Normal Defense
1 - 36% - 35% - 18:50
2 - 30% - 30% - 15:51
3 - 32% - 30% - 16:38
4 - 3% - 5% - 1:29
PP Forward
1 - 55% - 50% - 2:21
2 - 45% - 50% - 1:55
PP Defense
1 - 55% - 50% - 2:20
2 - 45% - 50% - 1:56
PK Forward
1 - 0% - 50% - 0:00
2 - 100% - 50% - 0:18
PK Defense
1 - 44% - 50% - 0:08
2 - 56% - 50% - 0:10
PK3 Forward
1 - 0% - 50%
2 - 0% - 50%
PK3 Defense
1 - 0% - 50%
2 - 0% - 50%
44 Forward
1 - 63% - 50% - 1:04
2 - 37% - 50% - 0:37
44 Defense
1 - 49% - 50% - 0:49
2 - 51% - 50% - 0:52
Last Minute Offensive - 0:57
Last Minute Defensive - 0:00
Total
Forward - 60:00
Defense - 60:00
|
% Time on Ice - Buffalo Sabres
Lines # - Real PCT - Wanted PCT - Time Play
Normal Forward
1 - 29% - 30% - 15:05
2 - 28% - 30% - 15:00
3 - 24% - 25% - 12:45
4 - 19% - 15% - 9:58
Normal Defense
1 - 35% - 34% - 18:21
2 - 33% - 33% - 17:31
3 - 32% - 33% - 16:56
4 - 0% - 0% - 0:00
PP Forward
1 - 100% - 50% - 0:18
2 - 0% - 50% - 0:00
PP Defense
1 - 100% - 50% - 0:18
2 - 0% - 50% - 0:00
PK Forward
1 - 48% - 50% - 2:04
2 - 52% - 50% - 2:12
PK Defense
1 - 55% - 50% - 2:22
2 - 45% - 50% - 1:54
PK3 Forward
1 - 0% - 50%
2 - 0% - 50%
PK3 Defense
1 - 0% - 50%
2 - 0% - 50%
44 Forward
1 - 47% - 50% - 0:47
2 - 53% - 50% - 0:54
44 Defense
1 - 47% - 50% - 0:47
2 - 53% - 50% - 0:54
Last Minute Offensive - 0:00
Last Minute Defensive - 0:57
Total
Forward - 60:00
Defense - 60:00
|
Play-by-Play
1st period
0:01 of 1st period - Nico Hischier wins face-off versus Alexander Wennberg in neutral zone.
0:12 of 1st period - Shot by Nico Hischier.
0:12 of 1st period - Goal by Nico Hischier - New Jersey Devils : 1 - Buffalo Sabres : 0.
0:13 of 1st period - Elias Lindholm wins face-off versus Dylan Cozens in neutral zone.
0:29 of 1st period - Shot by Dylan Cozens.
0:29 of 1st period - Shot Blocked by Dougie Hamilton.
1:16 of 1st period - Shot by William Karlsson.
1:16 of 1st period - Shot Blocked by Tyler Myers.
1:56 of 1st period - Shot by Tomas Hertl.
1:56 of 1st period - Shot Misses the Net.
2:42 of 1st period - Minor Penalty to Mattias Samuelsson for Interference.
2:43 of 1st period - Nico Hischier wins face-off versus Alexander Wennberg in Buffalo Sabres zone.
2:44 of 1st period - Shot by Pavel Zacha.
2:44 of 1st period - Shot Blocked by Alex Pietrangelo.
2:46 of 1st period - Shot by William Karlsson.
2:46 of 1st period - Shot Misses the Net.
3:02 of 1st period - Shot by Lucas Raymond.
3:02 of 1st period - Shot Misses the Net.
3:04 of 1st period - Shot by Lucas Raymond.
3:04 of 1st period - Stopped by Karel Vejmelka without a rebound.
3:05 of 1st period - Elias Lindholm wins face-off versus Mark Jankowski in Buffalo Sabres zone.
3:10 of 1st period - Shot by Kyle Palmieri.
3:10 of 1st period - Shot Misses the Net.
3:12 of 1st period - Shot by Dougie Hamilton.
3:12 of 1st period - Stopped by Karel Vejmelka without a rebound.
3:13 of 1st period - Elias Lindholm wins face-off versus Mark Jankowski in Buffalo Sabres zone.
3:16 of 1st period - Shot by Kyle Palmieri.
3:16 of 1st period - Shot Misses the Net.
3:29 of 1st period - Icing by Jaccob Slavin.
3:30 of 1st period - Elias Lindholm wins face-off versus Alexander Wennberg in New Jersey Devils zone.
4:53 of 1st period - Shot by Dylan Cozens.
4:53 of 1st period - The goal is going for a video replay.
4:53 of 1st period - The goal is good.
4:53 of 1st period - Goal by Dylan Cozens - New Jersey Devils : 1 - Buffalo Sabres : 1.
4:54 of 1st period - Erik Haula wins face-off versus Alex Tuch in neutral zone.
5:05 of 1st period - Shot by Sam Steel.
5:05 of 1st period - Shot Misses the Net.
5:08 of 1st period - Icing by Adam Pelech.
5:09 of 1st period - Nico Hischier wins face-off versus Alexander Wennberg in Buffalo Sabres zone.
5:12 of 1st period - Shot by Lucas Raymond.
5:12 of 1st period - Shot Misses the Net.
5:24 of 1st period - Shot by Tomas Hertl.
5:24 of 1st period - Shot Misses the Net.
5:43 of 1st period - Icing by Tyler Myers.
5:44 of 1st period - Dylan Cozens wins face-off versus William Karlsson in Buffalo Sabres zone.
6:20 of 1st period - Henri Jokiharju is hit by Michael Bunting and loses puck.
6:30 of 1st period - Off-side.
6:31 of 1st period - Zemgus Girgensons wins face-off versus Kyle Palmieri in neutral zone.
6:35 of 1st period - Jake McCabe is hit by Kevin Bahl and loses puck.
6:48 of 1st period - Shot by Kyle Palmieri.
6:48 of 1st period - Shot Misses the Net.
6:50 of 1st period - Shot by Yegor Sharangovich.
6:50 of 1st period - Stopped by Karel Vejmelka without a rebound.
6:51 of 1st period - Mark Jankowski wins face-off versus Pavel Zacha in Buffalo Sabres zone.
7:29 of 1st period - Adam Larsson is hit by Tomas Hertl and loses puck.
7:51 of 1st period - Shot by Tomas Hertl.
7:51 of 1st period - Stopped by Samuel Ersson with a rebound.
8:10 of 1st period - Icing by Adam Larsson.
8:11 of 1st period - Dylan Cozens wins face-off versus Nico Hischier in New Jersey Devils zone.
8:12 of 1st period - Shot by Marcus Foligno.
8:12 of 1st period - Stopped by Samuel Ersson without a rebound.
8:13 of 1st period - Dylan Cozens wins face-off versus Elias Lindholm in New Jersey Devils zone.
9:22 of 1st period - Shot by Brett Leason.
9:22 of 1st period - Stopped by Samuel Ersson without a rebound.
9:23 of 1st period - Zemgus Girgensons wins face-off versus Erik Haula in New Jersey Devils zone.
10:09 of 1st period - Shot by Kyle Palmieri.
10:09 of 1st period - Stopped by Karel Vejmelka without a rebound.
10:10 of 1st period - Alexander Wennberg wins face-off versus Nico Hischier in Buffalo Sabres zone.
10:25 of 1st period - Shot by Alex Tuch.
10:25 of 1st period - Stopped by Samuel Ersson with a rebound.
10:30 of 1st period - Off-side.
10:31 of 1st period - William Karlsson wins face-off versus Mark Jankowski in neutral zone.
10:50 of 1st period - Shot by Jeff Skinner.
10:50 of 1st period - Deflect By Mark Jankowski.
10:50 of 1st period - Stopped by Samuel Ersson with a rebound.
11:14 of 1st period - Icing by Dougie Hamilton.
11:15 of 1st period - Dylan Cozens wins face-off versus William Karlsson in New Jersey Devils zone.
11:59 of 1st period - Shot by Tomas Hertl.
11:59 of 1st period - Stopped by Samuel Ersson without a rebound.
12:00 of 1st period - Zemgus Girgensons wins face-off versus Elias Lindholm in New Jersey Devils zone.
12:57 of 1st period - Shot by Alexander Wennberg.
12:57 of 1st period - Shot Misses the Net.
13:37 of 1st period - Shot by Jeff Skinner.
13:37 of 1st period - Shot Misses the Net.
13:39 of 1st period - Shot by Henri Jokiharju.
13:39 of 1st period - Shot Misses the Net.
14:02 of 1st period - Off-side.
14:03 of 1st period - Zemgus Girgensons wins face-off versus Nico Hischier in neutral zone.
15:10 of 1st period - Shot by Kyle Palmieri.
15:10 of 1st period - Shot Blocked by Mattias Samuelsson.
15:22 of 1st period - Shot by Michael Bunting.
15:22 of 1st period - Stopped by Karel Vejmelka without a rebound.
15:23 of 1st period - Alexander Wennberg wins face-off versus William Karlsson in Buffalo Sabres zone.
15:23 of 1st period - Alex Tuch is hit by Connor Zary and loses puck.
15:32 of 1st period - Shot by Alex Tuch.
15:32 of 1st period - Stopped by Samuel Ersson without a rebound.
15:33 of 1st period - Dylan Cozens wins face-off versus Elias Lindholm in New Jersey Devils zone.
15:44 of 1st period - Shot by Kyle Palmieri.
15:44 of 1st period - Stopped by Karel Vejmelka without a rebound.
15:45 of 1st period - William Karlsson wins face-off versus Alexander Wennberg in Buffalo Sabres zone.
16:07 of 1st period - Icing by Dougie Hamilton.
16:08 of 1st period - Dylan Cozens wins face-off versus William Karlsson in New Jersey Devils zone.
16:36 of 1st period - Marcus Johansson is hit by Jaccob Slavin and loses puck.
16:55 of 1st period - Shot by Alex Pietrangelo.
16:55 of 1st period - Stopped by Samuel Ersson with a rebound.
17:22 of 1st period - Jaccob Slavin is hit by Tyler Myers and loses puck.
17:43 of 1st period - Shot by Alexander Wennberg.
17:43 of 1st period - Shot Misses the Net.
17:45 of 1st period - Shot by Alexander Wennberg.
17:45 of 1st period - Shot Blocked by Jaccob Slavin.
18:05 of 1st period - Marcus Johansson is hit by Jaccob Slavin and loses puck.
18:46 of 1st period - Icing by Mattias Samuelsson.
18:47 of 1st period - Erik Haula wins face-off versus Zemgus Girgensons in Buffalo Sabres zone.
19:00 of 1st period - Shot by Erik Haula.
19:00 of 1st period - Deflect By Evgenii Dadonov.
19:00 of 1st period - Shot Misses the Net.
19:02 of 1st period - Shot by Sam Steel.
19:02 of 1st period - Stopped by Karel Vejmelka without a rebound.
19:03 of 1st period - Elias Lindholm wins face-off versus Alexander Wennberg in Buffalo Sabres zone.
19:31 of 1st period - Kyle Palmieri is hit by Alex Pietrangelo and loses puck.
Goals for this period are 1 for New Jersey Devils vs 1 for Buffalo Sabres.
Shots for this period are 8 for New Jersey Devils vs 9 for Buffalo Sabres.
2nd period
0:01 of 2nd period - Mark Jankowski wins face-off versus Elias Lindholm in neutral zone.
0:11 of 2nd period - Dougie Hamilton is hit by Brett Leason and loses puck.
0:15 of 2nd period - Minor Penalty to Tyler Myers for Hooking.
0:16 of 2nd period - Nico Hischier wins face-off versus Alexander Wennberg in Buffalo Sabres zone.
0:33 of 2nd period - Shot by Jaccob Slavin.
0:33 of 2nd period - Shot Misses the Net.
0:35 of 2nd period - Shot by Luke Hughes.
0:35 of 2nd period - Stopped by Karel Vejmelka without a rebound.
0:36 of 2nd period - Elias Lindholm wins face-off versus Mattias Janmark in Buffalo Sabres zone.
0:39 of 2nd period - Shot by Kyle Palmieri.
0:39 of 2nd period - Stopped by Karel Vejmelka without a rebound.
0:40 of 2nd period - Kyle Palmieri wins face-off versus Mark Jankowski in Buffalo Sabres zone.
0:41 of 2nd period - Shot by William Karlsson.
0:41 of 2nd period - Shot Blocked by Adam Pelech.
0:43 of 2nd period - Shot by Elias Lindholm.
0:43 of 2nd period - Shot Misses the Net.
0:47 of 2nd period - Shot by Elias Lindholm.
0:47 of 2nd period - Shot Misses the Net.
0:49 of 2nd period - Shot by Michael Bunting.
0:49 of 2nd period - Stopped by Karel Vejmelka with a rebound.
0:51 of 2nd period - Shot by William Karlsson.
0:51 of 2nd period - Shot Misses the Net.
0:53 of 2nd period - Shot by William Karlsson.
0:53 of 2nd period - Stopped by Karel Vejmelka without a rebound.
0:54 of 2nd period - Alexander Wennberg wins face-off versus Lucas Raymond in Buffalo Sabres zone.
1:17 of 2nd period - Shot by Lucas Raymond.
1:17 of 2nd period - Shot Misses the Net.
1:19 of 2nd period - Shot by Pavel Zacha.
1:19 of 2nd period - Stopped by Karel Vejmelka without a rebound.
1:20 of 2nd period - Mark Jankowski wins face-off versus Elias Lindholm in Buffalo Sabres zone.
1:29 of 2nd period - Shot by William Karlsson.
1:29 of 2nd period - Shot Misses the Net.
1:36 of 2nd period - Icing by William Karlsson.
1:37 of 2nd period - Elias Lindholm wins face-off versus Mark Jankowski in New Jersey Devils zone.
1:42 of 2nd period - Shot by Dougie Hamilton.
1:42 of 2nd period - Stopped by Karel Vejmelka with a rebound.
1:54 of 2nd period - Shot by William Karlsson.
1:54 of 2nd period - Shot Blocked by Jordan Greenway.
1:56 of 2nd period - Shot by Michael Bunting.
1:56 of 2nd period - Stopped by Karel Vejmelka without a rebound.
1:57 of 2nd period - Mark Jankowski wins face-off versus Nico Hischier in Buffalo Sabres zone.
2:36 of 2nd period - Shot by Dylan Cozens.
2:36 of 2nd period - Stopped by Samuel Ersson without a rebound.
2:37 of 2nd period - Elias Lindholm wins face-off versus Mark Jankowski in New Jersey Devils zone.
2:48 of 2nd period - Jeff Skinner is hit by Kyle Palmieri and loses puck.
3:16 of 2nd period - Jake McCabe is hit by Yegor Sharangovich and loses puck.
3:25 of 2nd period - Shot by Alex Tuch.
3:25 of 2nd period - Goal by Alex Tuch - New Jersey Devils : 1 - Buffalo Sabres : 2.
3:26 of 2nd period - Dylan Cozens wins face-off versus William Karlsson in neutral zone.
5:01 of 2nd period - Shot by Jeff Skinner.
5:01 of 2nd period - Shot Misses the Net.
5:15 of 2nd period - Shot by Mark Jankowski.
5:15 of 2nd period - Shot Misses the Net.
5:19 of 2nd period - Shot by Brett Leason.
5:19 of 2nd period - Stopped by Samuel Ersson without a rebound.
5:20 of 2nd period - Zemgus Girgensons wins face-off versus Nico Hischier in New Jersey Devils zone.
5:49 of 2nd period - Shot by Luke Hughes.
5:49 of 2nd period - Shot Misses the Net.
6:12 of 2nd period - Shot by Marcus Johansson.
6:12 of 2nd period - Stopped by Samuel Ersson with a rebound.
7:14 of 2nd period - Shot by Elias Lindholm.
7:14 of 2nd period - Deflect By Kyle Palmieri.
7:14 of 2nd period - Stopped by Karel Vejmelka without a rebound.
7:15 of 2nd period - William Karlsson wins face-off versus Mark Jankowski in Buffalo Sabres zone.
7:34 of 2nd period - Shot by Michael Bunting.
7:34 of 2nd period - Deflect By Connor Zary.
7:34 of 2nd period - Shot Misses the Net.
7:36 of 2nd period - Shot by Dougie Hamilton.
7:36 of 2nd period - Stopped by Karel Vejmelka with a rebound.
8:19 of 2nd period - Kevin Bahl is hit by Jordan Greenway and loses puck.
9:01 of 2nd period - Shot by Dylan Cozens.
9:01 of 2nd period - Shot Blocked by Erik Haula.
9:36 of 2nd period - Icing by Alex Pietrangelo.
9:37 of 2nd period - William Karlsson wins face-off versus Alexander Wennberg in Buffalo Sabres zone.
9:49 of 2nd period - Off-side.
9:50 of 2nd period - Mark Jankowski wins face-off versus William Karlsson in neutral zone.
10:09 of 2nd period - Shot by Brett Leason.
10:09 of 2nd period - Stopped by Samuel Ersson with a rebound.
10:11 of 2nd period - Shot by Jeff Skinner.
10:11 of 2nd period - Stopped by Samuel Ersson without a rebound.
10:12 of 2nd period - Alexander Wennberg wins face-off versus Yegor Sharangovich in New Jersey Devils zone.
10:21 of 2nd period - Shot by Tomas Hertl.
10:21 of 2nd period - Deflect By Alex Tuch.
10:21 of 2nd period - Stopped by Samuel Ersson without a rebound.
10:22 of 2nd period - Dylan Cozens wins face-off versus Elias Lindholm in New Jersey Devils zone.
10:30 of 2nd period - Icing by Kevin Bahl.
10:31 of 2nd period - Elias Lindholm wins face-off versus Alexander Wennberg in New Jersey Devils zone.
11:00 of 2nd period - Shot by Alex Tuch.
11:00 of 2nd period - Shot Misses the Net.
11:26 of 2nd period - Shot by Marcus Johansson.
11:26 of 2nd period - Deflect By Dylan Cozens.
11:26 of 2nd period - Stopped by Samuel Ersson without a rebound.
11:27 of 2nd period - Lucas Raymond wins face-off versus Dylan Cozens in New Jersey Devils zone.
11:27 of 2nd period - Lucas Raymond is hit by Marcus Foligno.
11:35 of 2nd period - Shot by Nico Hischier.
11:35 of 2nd period - Stopped by Karel Vejmelka without a rebound.
11:36 of 2nd period - Brett Leason wins face-off versus Erik Haula in Buffalo Sabres zone.
12:45 of 2nd period - Shot by Marcus Johansson.
12:45 of 2nd period - Shot Misses the Net.
12:47 of 2nd period - Shot by Dylan Cozens.
12:47 of 2nd period - Shot Hit the Post.
12:49 of 2nd period - Shot by Marcus Johansson.
12:49 of 2nd period - Stopped by Samuel Ersson without a rebound.
12:50 of 2nd period - Alexander Wennberg wins face-off versus William Karlsson in New Jersey Devils zone.
13:05 of 2nd period - Shot by Tomas Hertl.
13:05 of 2nd period - Stopped by Samuel Ersson without a rebound.
13:06 of 2nd period - Zemgus Girgensons wins face-off versus Elias Lindholm in New Jersey Devils zone.
13:32 of 2nd period - Shot by Kyle Palmieri.
13:32 of 2nd period - Shot Misses the Net.
14:31 of 2nd period - Shot by Alex Tuch.
14:31 of 2nd period - Shot Misses the Net.
14:33 of 2nd period - Shot by Mattias Samuelsson.
14:33 of 2nd period - Shot Blocked by Kevin Bahl.
14:37 of 2nd period - Shot by Alex Tuch.
14:37 of 2nd period - Stopped by Samuel Ersson without a rebound.
14:38 of 2nd period - Mark Jankowski wins face-off versus Nico Hischier in New Jersey Devils zone.
15:07 of 2nd period - Shot by Lucas Raymond.
15:07 of 2nd period - Stopped by Karel Vejmelka without a rebound.
15:08 of 2nd period - Alexander Wennberg wins face-off versus Elias Lindholm in Buffalo Sabres zone.
15:23 of 2nd period - Shot by Kyle Palmieri.
15:23 of 2nd period - Deflect By Yegor Sharangovich.
15:23 of 2nd period - Stopped by Karel Vejmelka without a rebound.
15:24 of 2nd period - Erik Haula wins face-off versus Dylan Cozens in Buffalo Sabres zone.
16:37 of 2nd period - Shot by Nico Hischier.
16:37 of 2nd period - Stopped by Karel Vejmelka without a rebound.
16:38 of 2nd period - Elias Lindholm wins face-off versus Mark Jankowski in Buffalo Sabres zone.
16:47 of 2nd period - Elias Lindholm is hit by Adam Pelech and loses puck.
17:02 of 2nd period - Shot by Yegor Sharangovich.
17:02 of 2nd period - Stopped by Karel Vejmelka without a rebound.
17:03 of 2nd period - Nico Hischier wins face-off versus Zemgus Girgensons in Buffalo Sabres zone.
17:06 of 2nd period - Shot by Lucas Raymond.
17:06 of 2nd period - Shot Blocked by Jake McCabe.
17:31 of 2nd period - Shot by Nico Hischier.
17:31 of 2nd period - Stopped by Karel Vejmelka without a rebound.
17:32 of 2nd period - Dylan Cozens wins face-off versus William Karlsson in Buffalo Sabres zone.
17:36 of 2nd period - Icing by Marcus Johansson.
17:37 of 2nd period - William Karlsson wins face-off versus Dylan Cozens in Buffalo Sabres zone.
18:23 of 2nd period - Minor Penalty to Pavel Zacha for Tripping.
18:24 of 2nd period - Jeff Skinner wins face-off versus Nico Hischier in New Jersey Devils zone.
18:41 of 2nd period - Minor Penalty to Jeff Skinner for Slashing.
18:42 of 2nd period - Elias Lindholm wins face-off versus Tomas Hertl in Buffalo Sabres zone.
18:42 of 2nd period - Kyle Palmieri is hit by Jake McCabe and loses puck.
19:40 of 2nd period - Icing by Adam Pelech.
19:41 of 2nd period - Nico Hischier wins face-off versus Alexander Wennberg in Buffalo Sabres zone.
Goals for this period are 0 for New Jersey Devils vs 1 for Buffalo Sabres.
Shots for this period are 15 for New Jersey Devils vs 11 for Buffalo Sabres.
3rd period
0:01 of 3rd period - Dylan Cozens wins face-off versus Elias Lindholm in neutral zone.
0:14 of 3rd period - Icing by Tyler Myers.
0:15 of 3rd period - Alexander Wennberg wins face-off versus Elias Lindholm in Buffalo Sabres zone.
0:44 of 3rd period - Icing by Adam Pelech.
0:45 of 3rd period - Alexander Wennberg wins face-off versus Elias Lindholm in Buffalo Sabres zone.
1:41 of 3rd period - Shot by Nico Hischier.
1:41 of 3rd period - Stopped by Karel Vejmelka without a rebound.
1:42 of 3rd period - Dylan Cozens wins face-off versus William Karlsson in Buffalo Sabres zone.
1:53 of 3rd period - Shot by William Karlsson.
1:53 of 3rd period - Shot Misses the Net.
1:59 of 3rd period - Shot by Alex Pietrangelo.
1:59 of 3rd period - Shot Misses the Net.
3:14 of 3rd period - Off-side.
3:15 of 3rd period - Alexander Wennberg wins face-off versus Elias Lindholm in neutral zone.
3:28 of 3rd period - Shot by Alex Tuch.
3:28 of 3rd period - Stopped by Samuel Ersson without a rebound.
3:29 of 3rd period - Zemgus Girgensons wins face-off versus Sam Steel in New Jersey Devils zone.
4:00 of 3rd period - Icing by Zemgus Girgensons.
4:01 of 3rd period - Elias Lindholm wins face-off versus Zemgus Girgensons in Buffalo Sabres zone.
4:05 of 3rd period - Icing by Mattias Janmark.
4:06 of 3rd period - Elias Lindholm wins face-off versus Mattias Janmark in Buffalo Sabres zone.
4:14 of 3rd period - Icing by Alex Pietrangelo.
4:15 of 3rd period - Nico Hischier wins face-off versus Zemgus Girgensons in Buffalo Sabres zone.
4:44 of 3rd period - Shot by Nico Hischier.
4:44 of 3rd period - Shot Misses the Net.
5:03 of 3rd period - Icing by Mattias Samuelsson.
5:04 of 3rd period - Elias Lindholm wins face-off versus Dylan Cozens in Buffalo Sabres zone.
5:31 of 3rd period - Shot by Elias Lindholm.
5:31 of 3rd period - Deflect By Yegor Sharangovich.
5:31 of 3rd period - Stopped by Karel Vejmelka without a rebound.
5:32 of 3rd period - William Karlsson wins face-off versus Alexander Wennberg in Buffalo Sabres zone.
6:40 of 3rd period - Shot by Evgenii Dadonov.
6:40 of 3rd period - Deflect By Sam Steel.
6:40 of 3rd period - Stopped by Karel Vejmelka with a rebound.
7:18 of 3rd period - Shot by Elias Lindholm.
7:18 of 3rd period - Stopped by Karel Vejmelka without a rebound.
7:19 of 3rd period - Lucas Raymond wins face-off versus Jordan Greenway in Buffalo Sabres zone.
7:47 of 3rd period - Off-side.
7:48 of 3rd period - Dylan Cozens wins face-off versus Michael Bunting in neutral zone.
7:56 of 3rd period - Michael Bunting is hit by Adam Pelech and loses puck.
8:05 of 3rd period - Shot by William Karlsson.
8:05 of 3rd period - Stopped by Karel Vejmelka without a rebound.
8:06 of 3rd period - Mark Jankowski wins face-off versus Elias Lindholm in Buffalo Sabres zone.
8:06 of 3rd period - Mark Jankowski is hit by Yegor Sharangovich.
8:31 of 3rd period - Shot by Elias Lindholm.
8:31 of 3rd period - Stopped by Karel Vejmelka without a rebound.
8:32 of 3rd period - Alexander Wennberg wins face-off versus Nico Hischier in Buffalo Sabres zone.
8:39 of 3rd period - Shot by Tomas Hertl.
8:39 of 3rd period - Shot Blocked by Luke Hughes.
9:14 of 3rd period - Icing by Alexander Wennberg.
9:15 of 3rd period - William Karlsson wins face-off versus Alexander Wennberg in Buffalo Sabres zone.
9:24 of 3rd period - Shot by Michael Bunting.
9:24 of 3rd period - Shot Misses the Net.
9:28 of 3rd period - Shot by Michael Bunting.
9:28 of 3rd period - Stopped by Karel Vejmelka without a rebound.
9:29 of 3rd period - Elias Lindholm wins face-off versus Dylan Cozens in Buffalo Sabres zone.
9:33 of 3rd period - Icing by Alex Pietrangelo.
9:34 of 3rd period - Dylan Cozens wins face-off versus Erik Haula in Buffalo Sabres zone.
9:41 of 3rd period - Shot by Marcus Johansson.
9:41 of 3rd period - Shot Misses the Net.
9:43 of 3rd period - Shot by Alex Pietrangelo.
9:43 of 3rd period - Goal by Alex Pietrangelo - New Jersey Devils : 1 - Buffalo Sabres : 3.
9:44 of 3rd period - Mark Jankowski wins face-off versus Elias Lindholm in neutral zone.
11:30 of 3rd period - Shot by Michael Bunting.
11:30 of 3rd period - Shot Misses the Net.
11:32 of 3rd period - Shot by William Karlsson.
11:32 of 3rd period - Stopped by Karel Vejmelka without a rebound.
11:33 of 3rd period - Zemgus Girgensons wins face-off versus Lucas Raymond in Buffalo Sabres zone.
12:19 of 3rd period - Icing by Jaccob Slavin.
12:20 of 3rd period - Nico Hischier wins face-off versus Mark Jankowski in New Jersey Devils zone.
13:12 of 3rd period - Shot by Dylan Cozens.
13:12 of 3rd period - Shot Blocked by Dougie Hamilton.
13:30 of 3rd period - Icing by Adam Pelech.
13:31 of 3rd period - Erik Haula wins face-off versus Dylan Cozens in Buffalo Sabres zone.
14:02 of 3rd period - Sam Steel is hit by Dylan Cozens.
14:24 of 3rd period - Shot by Alex Tuch.
14:24 of 3rd period - Shot Blocked by Jaccob Slavin.
14:32 of 3rd period - Shot by Kyle Palmieri.
14:32 of 3rd period - Shot Blocked by Tyler Myers.
14:44 of 3rd period - Shot by Yegor Sharangovich.
14:44 of 3rd period - Stopped by Karel Vejmelka without a rebound.
14:45 of 3rd period - Mark Jankowski wins face-off versus Nico Hischier in Buffalo Sabres zone.
15:37 of 3rd period - Shot by Connor Zary.
15:37 of 3rd period - Shot Misses the Net.
15:39 of 3rd period - Shot by William Karlsson.
15:39 of 3rd period - Goal by William Karlsson - New Jersey Devils : 2 - Buffalo Sabres : 3.
15:40 of 3rd period - Yegor Sharangovich wins face-off versus Alexander Wennberg in neutral zone.
15:40 of 3rd period - Yegor Sharangovich is hit by Tomas Hertl.
17:16 of 3rd period - Shot by Marcus Foligno.
17:16 of 3rd period - Stopped by Samuel Ersson without a rebound.
17:17 of 3rd period - Alexander Wennberg wins face-off versus Erik Haula in New Jersey Devils zone.
17:20 of 3rd period - Shot by Alex Tuch.
17:20 of 3rd period - Shot Misses the Net.
17:22 of 3rd period - Shot by Alex Tuch.
17:22 of 3rd period - Shot Blocked by Erik Haula.
18:21 of 3rd period - Icing by Jake McCabe.
18:22 of 3rd period - Mark Jankowski wins face-off versus William Karlsson in Buffalo Sabres zone.
18:41 of 3rd period - New Jersey Devils, Samuel Ersson is pulled from the net.
18:53 of 3rd period - Shot by William Karlsson.
18:53 of 3rd period - Stopped by Karel Vejmelka without a rebound.
18:54 of 3rd period - Nico Hischier wins face-off versus Zemgus Girgensons in Buffalo Sabres zone.
18:54 of 3rd period - Nico Hischier is hit by Henri Jokiharju.
19:00 of 3rd period - Shot by Lucas Raymond.
19:00 of 3rd period - Shot Misses the Net.
19:02 of 3rd period - Shot by Jaccob Slavin.
19:02 of 3rd period - Stopped by Karel Vejmelka without a rebound.
19:03 of 3rd period - Nico Hischier wins face-off versus Jordan Greenway in Buffalo Sabres zone.
19:15 of 3rd period - Icing by Tyler Myers.
19:16 of 3rd period - Kyle Palmieri wins face-off versus Alexander Wennberg in Buffalo Sabres zone.
19:40 of 3rd period - Icing by Adam Larsson.
19:41 of 3rd period - Samuel Ersson from New Jersey Devils was sent back in the game.
19:41 of 3rd period - Alexander Wennberg wins face-off versus Nico Hischier in New Jersey Devils zone.
Goals for this period are 1 for New Jersey Devils vs 1 for Buffalo Sabres.
Shots for this period are 12 for New Jersey Devils vs 3 for Buffalo Sabres.
Back to the Top